 Dungeon Crawl Stone Soup version 0.28.0-53-g5a82cb258f (webtiles) character file.

Game seed: 5402743728248271509

367205 bnorton916 the Sorcerer (level 21, -3/105 HPs)
             Began as a Deep Elf Fire Elementalist on July 19, 2022.
             Was an Initiate of Gozag.
             Slain by a rockslime (24 damage)
             ... on level 1 of the Pits of Slime on July 20, 2022.
             The game lasted 04:32:23 (146265 turns).

bnorton916 the Sorcerer (DEFE)                    Turns: 146265, Time: 04:32:23

Health: -3/105     AC: 35    Str: 16    XL:     21   Next: 61%
Magic:  21/53      EV: 13    Int: 33    God:    Gozag
Gold:   3256       SH:  0    Dex: 13    Spells: 9/72 levels left

rFire   + + .      SeeInvis .   T - +10 lance "Wyrmbane" {slay drac, rPois rF+ rC+ AC+3}
rCold   + . .      Faith    .   (no shield)
rNeg    + . .      Spirit   .   Q - +7 ring mail of Hopscotch {Drain rN+ Will+ Stlth+}
rPois   +          Reflect  .   S - +2 hat "Zackib" {Will+ Regen+}
rElec   .          Harm     .   B - +2 cloak {Will+}
rCorr   +          Rampage  .   G - +1 pair of gloves "Xudiog" {Str+3 Stlth+}
Will    +++++                   D - +2 pair of boots {Fly}
Stlth   +++.......              t - amulet of regeneration
HPRegen 1.87/turn               l - ring "Egacini" {*Slow Will+ rCorr Str+6 Int+5}
MPRegen 0.33/turn               p - ring of the Tortoise {AC+8}

@: mighty, gold aura, flying, studying 4 skills
A: clumsy 1, dopey 1, fire resistance 1, frail 1
}: 2/15 runes: barnacled, gossamer
a: Renounce Religion, Potion Petition, Call Merchant, Bribe Branch


You were on level 1 of the Pits of Slime.
You worshipped Gozag.
Gozag was most pleased with you.
You visited 10 branches of the dungeon, and saw 40 of its levels.
You also visited: Bailey and Ice Cave.

You collected 19289 gold pieces.
You spent 11699 gold pieces at shops.
You paid 4334 gold pieces to Gozag.

Inventory:

Hand Weapons
 s - the +7 pair of quick blades "Gyre" and "Gimble" {protect}
   (You found it on level 2 of the Elven Halls)

   It grants its wielder temporary protection when it strikes (+7 to AC).
 T - the +10 lance "Wyrmbane" (weapon) {slay drac, rPois rF+ rC+ AC+3}
   (You took it off Margery on level 1 of the Depths)

   It inflicts extra damage against dragons and draconians.
   AC:        It affects your AC (+3).
   rF:        It protects you from fire.
   rC:        It protects you from cold.
   rPois:     It protects you from poison.
Armour
 v - a +2 kite shield of protection
 B - a +2 cloak of willpower (worn)
 D - a +2 pair of boots of flying (worn)
 E - a +2 helmet of see invisible
 G - the +1 pair of gloves "Xudiog" (worn) {Str+3 Stlth+}
   (You acquired it on level 11 of the Dungeon)

   Str:       It affects your strength (+3).
   Stlth:     It makes you more stealthy.
 Q - the +7 ring mail of Hopscotch (worn) {Drain rN+ Will+ Stlth+}
   (You found it on level 10 of the Dungeon)

   rN:        It protects you from negative energy.
   Drain:     It drains your maximum health when unequipped.
   Will:      It increases your willpower.
   Stlth:     It makes you more stealthy.
 S - the +2 hat "Zackib" (worn) {Will+ Regen+}
   (You found it on level 4 of the Spider Nest)

   Regen:     It increases your rate of health regeneration.
   Will:      It increases your willpower.
 W - +2 acid dragon scales
Magical Staves
 d - a staff of conjuration
 h - a staff of fire
Jewellery
 i - the ring "Eczexkak" {rC+++ rCorr Str+8 Int-5}
   (You took it off a deep elf elementalist on level 3 of the Elven Halls)

   [ring of resist corrosion]

   Str:       It affects your strength (+8).
   Int:       It affects your intelligence (-5).
   rC:        It renders you almost immune to cold.
   rCorr:     It protects you from acid and corrosion.
 l - the ring "Egacini" (left hand) {*Slow Will+ rCorr Str+6 Int+5}
   (You took it off a deep elf pyromancer on level 3 of the Elven Halls)

   [ring of strength]

   Str:       It affects your strength (+6).
   Int:       It affects your intelligence (+5).
   rCorr:     It protects you from acid and corrosion.
   *Slow:     It may slow you when you take damage.
   Will:      It increases your willpower.
 o - the ring of the Invisible Hand {Int+6 SInv}
   (You took it off a deep elf archer on level 3 of the Elven Halls)

   [ring of intelligence]

   Int:       It affects your intelligence (+6).
   SInv:      It lets you see invisible.
 p - the ring of the Tortoise (right hand) {AC+8}
   (You bought it in a shop on level 2 of the Orcish Mines)

   [ring of protection]

   AC:        It affects your AC (+8).
 t - an amulet of regeneration (around neck)
 x - the ring "Ahamon" {rElec rPois Int+6}
   (You found it on level 6 of the Lair of Beasts)

   [ring of intelligence]

   Int:       It affects your intelligence (+6).
   rElec:     It insulates you from electricity.
   rPois:     It protects you from poison.
 z - the ring of Joy {rC+ rN+ Will+ Int+3 SInv}
   (You bought it in a shop on level 2 of the Orcish Mines)

   [ring of positive energy]

   Int:       It affects your intelligence (+3).
   rC:        It protects you from cold.
   rN:        It protects you from negative energy.
   SInv:      It lets you see invisible.
   Will:      It increases your willpower.
Wands
 b - a wand of polymorph (13)
 m - a wand of flame (83)
 n - a wand of paralysis (16)
 w - a wand of digging (12)
 F - a wand of mindburst (5)
 P - a wand of charming (16)
Scrolls
 a - 2 scrolls of enchant weapon
 f - 13 scrolls of immolation
 q - 3 scrolls of fog
 r - 6 scrolls of summoning
 u - 2 scrolls of magic mapping
 y - 2 scrolls of amnesia
 H - 4 scrolls of enchant armour
 L - a scroll of silence
 M - 8 scrolls of teleportation
 N - 4 scrolls of blinking
 R - 3 scrolls of holy word
 X - 4 scrolls of fear
Potions
 c - 3 potions of heal wounds
 e - 32 potions of curing
 g - 2 potions of invisibility
 j - 2 potions of cancellation
 k - 5 potions of lignification
 A - 7 potions of ambrosia
 I - 6 potions of might
 J - a potion of haste
 K - 2 potions of resistance
 O - 2 potions of brilliance
 U - 4 potions of berserk rage
Miscellaneous
 C - a phantom mirror


   Skills:
 - Level 8.2 Fighting
 - Level 13.6 Short Blades
 + Level 2.0(3.7) Polearms
 - Level 6.4(6.7) Staves
 - Level 7.0 Armour
 - Level 6.3 Dodging
 - Level 2.4 Stealth
 - Level 4.0 Shields
 - Level 26.1 Spellcasting
 - Level 19.5 Conjurations
 - Level 5.3 Hexes
 + Level 14.3 Summonings
 - Level 4.0 Translocations
 - Level 19.7 Fire Magic
 + Level 10.1 Ice Magic
 - Level 2.0 Air Magic
 - Level 8.1 Poison Magic
 - Level 11.4 Invocations
 - Level 5.1 Evocations


You had 9 spell levels left.
You knew the following spells:

 Your Spells              Type           Power      Damage    Failure   Level
a - Foxfire               Conj/Fire      100%       2x1d9     0%          1
b - Scorch                Fire           100%       2d10      0%          2
c - Conjure Flame         Conj/Fire      100%       6-21      0%          3
d - Frozen Ramparts       Ice            100%       1d12      1%          3
e - Orb of Destruction    Conj           53%        9d13      1%          7
f - Fireball              Conj/Fire      53%        3d21      0%          5
g - Swiftness             Air            54%        N/A       1%          3
h - Ozocubu's Armour      Ice            83%        N/A       1%          3
i - Starburst             Conj/Fire      53%        6d14      1%          6
j - Olgreb's Toxic Radia  Pois           77%        N/A       1%          4
k - Freezing Cloud        Conj/Ice/Air   42%        6-21      1%          5
l - Iskenderun's Mystic   Conj/Tloc      88%        2d17      1%          4
m - Blink                 Tloc           100%       N/A       1%          2
n - Ignition              Fire           53%        3d15      1%          8
o - Summon Hydra          Summ           47%        N/A       2%          7

Your spell library contained the following spells:

 Spells                   Type           Power      Damage    Failure   Level
 Freeze                   Ice            100%       1d11      0%          1
 Shock                    Conj/Air       100%       1d9       0%          1
 Inner Flame              Hex/Fire       90%        N/A       0%          3
 Flame Wave               Conj/Fire      100%       2d17      0%          4
 Iskenderun's Battlesphe  Conj           100%       2d15      0%          5
 Beastly Appendage        Tmut           86%        N/A       1%          1
 Pain                     Necr           100%       1d9       1%          1
 Corpse Rot               Necr/Air       98%        N/A       1%          2
 Ensorcelled Hibernation  Hex/Ice        100%       N/A       1%          2
 Passwall                 Tmut/Erth      35%        N/A       1%          2
 Poisonous Vapours        Pois/Air       100%       N/A       1%          2
 Static Discharge         Conj/Air       85%        N/A       1%          2
 Sublimation of Blood     Necr           43%        N/A       1%          2
 Wereblood                Tmut           43%        N/A       1%          2
 Dazzling Flash           Conj/Hex       100%       N/A       1%          3
 Gell's Gravitas          Tloc           62%        N/A       1%          3
 Lesser Beckoning         Tloc           62%        N/A       1%          3
 Spider Form              Tmut/Pois      63%        N/A       1%          3
 Teleport Other           Tloc           62%        N/A       1%          3
 Hailstorm                Conj/Ice       96%        3d19      1%          4
 Ice Form                 Ice/Tmut       66%        N/A       1%          4
 Summon Lightning Spire   Summ/Air       77%        N/A       1%          4
 Irradiate                Conj/Tmut      41%        3d27      1%          5
 Lightning Bolt           Conj/Air       42%        1d62      1%          5
 Metabolic Englaciation   Hex/Ice        38%        N/A       1%          5
 Summon Forest            Summ/Tloc      40%        N/A       1%          5
 Summon Mana Viper        Hex/Summ       83%        N/A       1%          5
 Conjure Ball Lightning   Conj/Air       42%        3x3d15    1%          6
 Summon Cactus Giant      Summ           47%        N/A       1%          6
 Anguish                  Hex/Necr       28%        N/A       3%          4
 Leda's Liquefaction      Hex/Erth       28%        N/A       3%          4
 Airstrike                Air            27%        N/A       4%          4
 Manifold Assault         Tloc           62%        N/A       4%          5
 Animate Dead             Necr           21%        N/A       10%         4
 Dispel Undead            Necr           43%        3d17      10%         4
 Petrify                  Tmut/Erth      43%        N/A       10%         4
 Ozocubu's Refrigeration  Ice            41%        4d13      13%         7
 Summon Horrible Things   Summ           47%        N/A       17%         8
 Simulacrum               Ice/Necr       33%        N/A       19%         6
 Malign Gateway           Summ/Tloc      40%        N/A       19%         7
 Blade Hands              Tmut           21%        N/A       26%         5
 Excruciating Wounds      Necr           21%        N/A       26%         5
 Lee's Rapid Deconstruct  Erth           21%        3d13*     26%         5
 Dispersal                Tloc           31%        N/A       28%         6
 Eringya's Noxious Bog    Tmut/Pois      31%        N/A       28%         6
 Haunt                    Necr/Summ      37%        N/A       38%         7
 Death Channel            Necr           21%        N/A       82%         6
 Statue Form              Tmut/Erth      28%        N/A       82%         6
 Storm Form               Tmut/Air       24%        N/A       99%         7
 Dragon Form              Tmut           21%        N/A       100%        7
 Borgnjor's Revivificati  Necr           21%        N/A       100%        8
 Infestation              Necr           21%        N/A       100%        8
 Maxwell's Capacitive Co  Air            27%        ∞         100%        8
 Necromutation            Tmut/Necr      21%        N/A       100%        8
 Death's Door             Necr           21%        N/A       100%        9


Dungeon Overview and Level Annotations

Branches:
Dungeon (15/15)            Temple (1/1) D:5            Lair (6/6) D:11
 Shoals (4/4) Lair:4       Spider (4/4) Lair:3        Slime (1/5) Lair:5
    Orc (2/2) D:11            Elf (3/3) Orc:2        Vaults (3/5) D:14
 Depths (1/4) D:15         Bailey (visited)           IceCv (visited)
  Crypt: Vaults:2-3

Altars:
Ashenzari
Cheibriados
Dithmenos
Elyvilon
Fedhas
Gozag
Hepliaklqana
Kikubaaqudgha
Makhleb
Nemelex Xobeh
Okawaru
Qazlal
Ru
Sif Muna
Trog
Uskayaw
Vehumet
Wu Jian
Xom
Yredelemnul
Zin
The Shining One
Beogh
Jiyva

Shops:
D:4 [   D:11 *   D:13 (   D:15 *   Orc:2 [*(=   Elf:2 *=   Lair:1 :=[:
Shoals:3 :

Portals:
Hell: Depths:1
Abyss: Depths:1
Pandemonium: Depths:1

Annotations:
Shoals:4 6 transporters
Elf:2 3 runed translucent doors
Vaults:2 Mennas


Innate Abilities, Weirdness & Mutations

You are clumsy. (Dex -2)
You are dopey. (Int -2)
Your flesh is heat resistant. (rF+)
You are frail. (-10% HP)


Message History

The slime creature is distracted by your dazzling golden aura.
Unknown command.
Unknown command.
Unknown command.
Casting: Ignition (dangerous; 1% risk of failure)
Confirm with . or Enter, or press ? or * to list all spells.
You erupt in a blast of force!
The mystic blast hits the rockslime but does no damage.
The rockslime is no longer distracted by gold.
The slime creature quivers.
The slime creature is no longer distracted by gold.
The rockslime hits you but does no damage.
Unknown command.
Unknown command.
Unknown command.
Casting: Iskenderun's Mystic Blast (safe; 1% risk of failure)
Confirm with . or Enter, or press ? or * to list all spells.
Casting: Ignition (dangerous; 1% risk of failure)
Press: ? - help, Dir - look around, f - activate The air bursts into flame!
The fireball engulfs the rockslime.
The rockslime resists.
The rockslime is lightly wounded.
The fireball engulfs the slime creature!!
You kill the slime creature!
The fireball engulfs the rockslime but does no damage.
The rockslime is lightly wounded.
The rockslime hits you but does no damage.
Unknown command.
Unknown command.
Unknown command.
You hit the rockslime but do no damage.
The rockslime is lightly wounded.
The rockslime hits you but does no damage.
You feel very mighty all of a sudden. The rockslime hits you!!
You are shoved backwards!
You hit the rockslime but do no damage. The rockslime hits you!
* * * LOW HITPOINT WARNING * * *
You are shoved backwards!
The rockslime hits you!!
You die...
Your body crumbles into a pile of gold.

.............##
...............##
.......#..$.....###
......$.#.........##
..........>........#
.......$...$....#..#
.......$.$..........
.........$...$......
.....$$..<.J@..$....
........$.$$........
#.##...$$.....#.$...
#...$#$#...##....
...$.........####.
.......$......#
....$..$$$....##
##............#
.........##


You could see a rockslime.

Vanquished Creatures
  Margery (Depths:1)
  Nikola (Spider:1)
  Arachne (Spider:4)
  Jorgrun (Spider:1)
  A lich (Depths:1)
  A titan (D:15)
  2 walking divine tomes
  5 deep elf blademasters
  A sphinx (Depths:1)
  2 deep elf master archers (Elf:3)
  The ghost of atmmm the Unseen, an adept DsMo of Dithmenos (Vaults:1)
  An acid blob (Slime:1)
  Gastronok (Lair:2)
  2 krakens (Shoals:2)
  A shadow dragon (Vaults:1)
  A rockslime (Lair:5)
  Donald (Shoals:3)
  2 tengu reavers (Depths:1)
  4 frost giants
  5 ghost moths
  4 emperor scorpions
  4 orc warlords
  3 deep elf sorcerers
  An azure jelly (Slime:1)
  2 vault wardens
  3 broodmothers
  A war gargoyle (Vaults:1)
  3 ironbound preservers
  A reaper (Depths:1)
  7 deep elf elementalists (Elf:3)
  2 stone giants (Depths:1)
  4 quicksilver oozes
  13 very ugly things
  4 ironbound thunderhulks
  4 deep elf demonologists
  Azrael (D:14)
  5 deep elf annihilators (Elf:3)
  4 entropy weavers
  3 dire elephants (Vaults:2)
  7 spark wasps
  11 merfolk impalers
  6 ettins
  10 deep elf death magi
  4 merfolk javelineers (Shoals:2)
  5 great orbs of eyes
  3 yaktaur captains (Vaults:2)
  3 fire dragons
  2 deep elf high priests (Elf:3)
  An ice dragon (shapeshifter) (Elf:3)
  An ogre mage (D:14)
  6 boulder beetles
  4 vault guards (Vaults:1)
  7 ice dragons
  A peacekeeper (Vaults:1)
  5 jorogumos
  2 catoblepae (Lair:6)
  A radroach (Spider:2)
  2 death knights
  Erica (Lair:2)
  18 centaur warriors
  10 hydras
  2 alligator snapping turtles
  4 merfolk avatars
  8 ironbound frosthearts
  2 merfolk aquamancers
  5 satyrs (Shoals:4)
  4 tengu warriors
  6 deep troll earth magi
  8 deep troll shamans
  8 death yaks
  5 two-headed ogres
  2 orc high priests
  A spriggan berserker (Depths:1)
  10 deep elf knights
  6 hell knights
  A vampire mage (Depths:1)
  A sun demon (Depths:1)
  2 iron trolls (Depths:1)
  A soul eater (Depths:1)
  16 sea snakes
  5 skeletal warriors
  4 sun moths
  4 pharaoh ants
  10 orb spiders
  5 deep elf archers
  23 deep trolls
  2 glowing orange brains
  5 steelbarb worms
  8 ironbound convokers (Vaults:2)
  17 harpies
  A phantasmal warrior (D:13)
  3 tengu zombies
  9 deep elf zephyrmancers
  4 wizards
  15 lindwurms
  6 necromancers
  34 ugly things
  10 orc knights
  17 fauns
  23 deep elf pyromancers
  A shadow dragon skeleton (Depths:1)
  A mana viper (shapeshifter) (Vaults:2)
  4 orc sorcerers
  A shining eye (shapeshifter) (Elf:1)
  22 wolf spiders
  2 shining eyes (Slime:1)
  19 manticores
  2 moths of wrath
  6 merfolk sirens
  8 vault sentinels
  8 cyclopes
  4 black mambas
  3 centaur zombies
  An orange demon (Depths:1)
  6 water nymphs
  16 elephants
  2 ice statues
  A titan simulacrum (Depths:1)
  12 torpor snails
  2 unseen horrors (D:11)
  12 cane toads
  9 demonic crawlers
  2 freezing wraiths
  2 kobold demonologists
  3 entropy weaver simulacra (IceCv)
  4 rime drakes
  10 komodo dragons
  23 yaktaurs
  A yaktaur skeleton (Vaults:2)
  4 very ugly thing simulacra (IceCv)
  A merfolk (shapeshifter) (D:15)
  A tengu conjurer (D:12)
  10 trolls
  16 merfolk
  17 meliai
  3 wind drakes
  2 queen bees
  A hornet (D:8)
  2 polar bears
  A polar bear (shapeshifter) (D:14)
  24 tarantellas
  37 slime creatures
  A large abomination (Elf:1)
  A tengu simulacrum (Vaults:3)
  15 snapping turtles
  16 dream sheep
  21 blink frogs
  30 jumping spiders
  Sigmund (D:3)
  3 air elementals
  27 culicivoras
  16 water elementals
  12 wyverns
  5 wraiths
  2 shadows
  2 vampires
  13 basilisks
  16 yaks
  An ettin skeleton (Vaults:2)
  3 golden eyes (Slime:1)
  A chaos spawn (Depths:1)
  5 fire elementals
  61 redbacks
  17 vampire mosquitoes
  An elf skeleton (Vaults:3)
  4 wargs (Orc:2)
  3 demonic crawler simulacra (IceCv)
  Edmund (D:5)
  An acid dragon (D:11)
  A human skeleton (Vaults:3)
  14 water moccasins
  4 hell hounds (D:14)
  A floating eye (D:15)
  54 orc warriors
  10 ice beasts
  2 ugly thing simulacra (IceCv)
  3 black bears
  2 sky beasts
  6 ogres
  A necrophage (D:8)
  20 wolves
  5 centaurs
  A phantom (D:6)
  A kobold brigand (D:6)
  Blork the orc (D:4)
  2 elf zombies (Elf:1)
  2 earth elementals (Elf:3)
  11 bullfrogs
  A glowing shapeshifter simulacrum (Vaults:3)
  3 scorpions
  39 killer bees
  8 wights
  2 electric eels
  A howler monkey (D:9)
  5 centaur skeletons
  6 hounds
  A jelly (D:7)
  28 orc priests
  A bullfrog skeleton (D:7)
  Jessica (D:3)
  A gnoll shaman (D:9)
  Terence (D:3)
  25 orc wizards
  Natasha (thrice) (D:3)
  6 iguanas
  Robin (D:3)
  11 gnolls
  10 adders
  2 shadow imps (D:6)
  2 white imps
  An adder zombie (D:5)
  5 worms
  A dart slug (D:4)
  83 orcs
  5 ball pythons
  7 bats
  7 endoplasms
  8 giant cockroaches
  12 goblins
  14 hobgoblins
  4 jackals (D:1)
  21 kobolds
  A quokka (D:1)
  12 frilled lizards
  4 rats
  11 bushes
  3 tentacles (Shoals:2)
1594 creatures vanquished.

Vanquished Creatures (collateral kills)
  A centaur warrior (Vaults:2)
  A hell knight (Depths:1)
  A human zombie (Vaults:2)
  An elf skeleton (Vaults:2)
  18 foxfires
22 creatures vanquished.

Vanquished Creatures (others)
  20 dancing weapons
  A tengu warrior (D:15)
  An orb spider (Spider:4)
  A jumping spider (Spider:1)
  A culicivora (Spider:1)
  2 redbacks (Spider:1)
  A killer bee (D:8)
  2 wights (D:8)
  A bush (D:8)
  1823 foxfires
  78 fungi
  293 plants
  3 tentacles (Shoals:2)
2227 creatures vanquished.

Grand Total: 3843 creatures vanquished

Notes
Turn   | Place    | Note
-------+----------+-------------------------------------------
     0 | D:1      | bnorton916 the Deep Elf Fire Elementalist began the quest
                  | for the Orb.
     0 | D:1      | Reached XP level 1. HP: 10/10 MP: 6/6
   325 | D:1      | Reached XP level 2. HP: 10/15 MP: 5/8
  1403 | D:1      | Reached XP level 3. HP: 19/19 MP: 7/10
  2189 | D:1      | Learned a level 2 spell: Scorch
  2193 | D:1      | Learned a level 3 spell: Conjure Flame
  2197 | D:1      | Learned a level 3 spell: Frozen Ramparts
  2250 | D:2      | Reached skill level 4 in Spellcasting
  2477 | D:2      | Identified the +0 robe of the Alphagorgon {rElec}
  2555 | D:2      | Reached XP level 4. HP: 24/24 MP: 8/12
  2835 | D:2      | Reached skill level 1 in Ice Magic
  3180 | D:2      | Found a faded altar of an unknown god.
  3535 | D:3      | Noticed Robin
  3997 | D:3      | Noticed Sigmund
  4199 | D:3      | Noticed Natasha
  4216 | D:3      | Killed Natasha
  4318 | D:3      | Killed Sigmund
  4319 | D:3      | Reached skill level 5 in Spellcasting
  4319 | D:3      | Reached XP level 5. HP: 28/28 MP: 0/14
  4319 | D:3      | Reached XP level 6. HP: 32/32 MP: 0/15
  4349 | D:3      | Killed Robin
  4677 | D:3      | Reached skill level 5 in Fire Magic
  4976 | D:3      | Noticed Jessica
  4981 | D:3      | Killed Jessica
  5337 | D:3      | Noticed Terence
  5347 | D:3      | Killed Terence
  5348 | D:3      | Reached XP level 7. HP: 28/36 MP: 5/17
  6064 | D:3      | Noticed Natasha
  6069 | D:3      | Killed Natasha
  6073 | D:3      | Noticed Natasha
  6080 | D:3      | Killed Natasha
  6382 | D:4      | Reached skill level 6 in Spellcasting
  7343 | D:4      | Found Bafid's Armour Shop.
  7422 | D:4      | Found a glowing silver altar of Zin.
  8258 | D:4      | Noticed Blork the orc
  8274 | D:4      | Killed Blork the orc
  8275 | D:4      | Reached skill level 5 in Conjurations
  8820 | D:5      | Entered Level 5 of the Dungeon
  8820 | D:5      | Found a staircase to the Ecumenical Temple.
  8831 | Temple   | Entered the Ecumenical Temple
  8849 | D:5      | Reached XP level 8. HP: 41/41 MP: 12/20
  8929 | D:5      | Found a white marble altar of Elyvilon.
  9025 | D:5      | Found an opulent altar of Gozag.
  9058 | D:5      | Noticed Edmund
  9077 | D:5      | Killed Edmund
  9078 | D:5      | Reached skill level 7 in Spellcasting
  9085 | D:5      | Became a worshipper of Gozag Ym Sagoz the Greedy
  9661 | D:5      | Identified the +1 chain mail of the Maze {Stlth+}
  9806 | D:5      | Reached skill level 5 in Ice Magic
  9937 | D:6      | Found a broken altar of Ashenzari.
 10580 | D:6      | Found an ornate altar of the Wu Jian Council.
 10608 | D:6      | Learned a level 4 spell: Flame Wave
 10819 | D:6      | Reached skill level 8 in Spellcasting
 11251 | D:6      | Reached XP level 9. HP: 45/45 MP: 17/23
 12485 | D:7      | Learned a level 5 spell: Fireball
 12542 | D:7      | Found an iron altar of Okawaru.
 12792 | D:8      | Reached skill level 9 in Spellcasting
 12839 | D:8      | Reached skill level 1 in Armour
 12929 | D:8      | Found a radiant altar of Vehumet.
 14542 | D:8      | Found a blossoming altar of Fedhas.
 15424 | D:9      | Noticed a kobold demonologist
 15426 | D:9      | Killed a kobold demonologist
 15440 | D:9      | Reached XP level 10. HP: 50/50 MP: 4/25
 15871 | D:9      | Found a flagged portal.
 15931 | D:9      | Reached skill level 10 in Spellcasting
 15965 | Bailey   | Entered a bailey
 16228 | Bailey   | Learned a level 3 spell: Swiftness
 16555 | Bailey   | Reached skill level 5 in Armour
 16555 | Bailey   | Reached skill level 10 in Fire Magic
 16555 | Bailey   | Reached XP level 11. HP: 54/54 MP: 27/27
 17445 | D:9      | Identified the +1 ring mail of the Teacher {rF- rC- Str+2
                  | Int+3}
 17541 | D:9      | Reached skill level 1 in Air Magic
 18074 | D:10     | Entered Level 10 of the Dungeon
 18078 | D:10     | Reached skill level 1 in Fighting
 18114 | D:10     | Reached skill level 10 in Conjurations
 18812 | D:10     | Noticed an eight-headed hydra
 18825 | D:10     | Killed an eight-headed hydra
 19603 | D:10     | Found a hide-covered altar of Uskayaw.
 19603 | D:10     | Noticed a +0 hand axe
 19618 | D:10     | Noticed a +0 hand axe
 19964 | D:10     | Identified the +7 ring mail of Hopscotch {Drain rN+ Will+
                  | Stlth+}
 20093 | D:10     | Found a stormy altar of Qazlal.
 20402 | D:11     | Reached skill level 11 in Spellcasting
 20731 | D:11     | Noticed a two-headed ogre
 20991 | D:11     | Noticed a boulder beetle
 20997 | D:11     | Killed a boulder beetle
 21907 | D:11     | Found a staircase to the Orcish Mines.
 21930 | D:11     | Killed a two-headed ogre
 22413 | D:11     | Found a staircase to the Lair.
 22428 | D:11     | Bought a fuming silvery potion for 22 gold pieces
 22428 | D:11     | Bought a scroll labelled INIMEHE SOLIE for 25 gold pieces
 22428 | D:11     | Bought 2 sedimented orange potions for 45 gold pieces
 22428 | D:11     | Bought a scroll of identify for 50 gold pieces
 22428 | D:11     | Identified 2 scrolls of acquirement
 22435 | D:11     | Acquired Imakifus's Compendium of the Frostbite
 22437 | D:11     | Acquired the +1 pair of gloves "Xudiog" {Str+3 Stlth+}
 22708 | D:11     | Reached XP level 12. HP: 64/64 MP: 22/29
 23478 | D:11     | Found a transporter.
 23479 | D:11     | Found a transporter.
 23479 | D:11     | Noticed a boulder beetle
 23531 | Lair:1   | Entered Level 1 of the Lair of Beasts
 24381 | Lair:1   | Noticed a four-headed hydra
 24393 | Lair:1   | Killed a four-headed hydra
 24729 | Lair:1   | Learned a level 3 spell: Ozocubu's Armour
 25453 | Lair:1   | Noticed an ice dragon
 25462 | Lair:1   | Killed an ice dragon
 26244 | Lair:2   | Noticed Gastronok
 26248 | Lair:2   | Noticed Erica
 26250 | Lair:2   | Killed Gastronok
 26618 | Lair:2   | Noticed an eight-headed hydra
 26951 | Lair:2   | Killed Erica
 27563 | Lair:2   | Killed an eight-headed hydra
 28627 | Lair:3   | Reached XP level 13. HP: 69/69 MP: 10/30
 28960 | Lair:3   | Found a hole to the Spider Nest.
 35616 | Lair:4   | Identified the +0 robe of Experimentation {-Tele Fly rCorr}
 35694 | Lair:4   | Found a staircase to the Shoals.
 36068 | Lair:4   | Reached skill level 15 in Fire Magic
 36838 | Lair:4   | Learned a level 6 spell: Starburst
 36904 | Lair:5   | You fall into a shaft and drop 1 floor!
 36904 | Lair:6   | Entered Level 6 of the Lair of Beasts
 37965 | Lair:6   | Reached XP level 14. HP: 46/75 MP: 3/31
 38300 | Lair:5   | Found a viscous altar of Jiyva.
 38300 | Lair:5   | Found a staircase to the Slime Pits.
 38365 | Lair:5   | Reached skill level 15 in Conjurations
 38373 | Lair:5   | Reached skill level 12 in Spellcasting
 46313 | Lair:6   | Reached skill level 5 in Fighting
 47080 | Lair:6   | Identified the ring "Ahamon" {rElec rPois Int+6}
 47425 | Lair:6   | Reached skill level 13 in Spellcasting
 47908 | Lair:1   | Gained mutation: You are dopey. (Int -2) [potion of
                  | mutation]
 47908 | Lair:1   | Gained mutation: Your flesh is heat resistant. (rF+)
                  | [potion of mutation]
 48523 | Orc:1    | Entered Level 1 of the Orcish Mines
 48654 | Orc:2    | Entered Level 2 of the Orcish Mines
 49096 | Orc:2    | Noticed an orc warlord
 50249 | Orc:1    | Noticed an orc warlord
 50255 | Orc:1    | Killed an orc warlord
 53555 | Orc:2    | Found Riruvab's Antique Armour Boutique.
 54283 | Orc:2    | Killed an orc warlord
 54639 | Orc:2    | Found a staircase to the Elven Halls.
 54676 | Orc:2    | Reached XP level 15. HP: 69/83 MP: 20/34
 55446 | Orc:2    | Reached skill level 14 in Spellcasting
 55586 | Orc:2    | Found Inorueth's Jewellery Shop.
 55623 | Orc:2    | Found Emostagh's General Store.
 55631 | Orc:2    | Bought the ring of the Tortoise {AC+8} for 1792 gold pieces
 55631 | Orc:2    | Found the ring of the Tortoise {AC+8}
 55770 | Orc:2    | Found Buhousy's Antique Weapon Shoppe.
 55827 | Orc:2    | Bought the ring of Joy {rC+ rN+ Will+ Int+3 SInv} for 751
                  | gold pieces
 56406 | D:12     | Reached skill level 1 in Poison Magic
 58728 | D:13     | Found a shadowy altar of Dithmenos.
 59438 | D:13     | Found Iloomatu's Weapon Shop.
 59971 | D:14     | Found a frozen archway.
 60515 | IceCv    | Entered an ice cave
 61229 | IceCv    | Reached skill level 5 in Poison Magic
 63635 | D:14     | Identified the +4 ring mail of Xilo {Harm rF- Dex+4}
 64581 | D:14     | Learned a level 4 spell: Olgreb's Toxic Radiance
 65812 | D:14     | Found a gate to the Vaults.
 66075 | D:14     | Noticed Azrael
 66243 | D:14     | Learned a level 5 spell: Freezing Cloud
 66356 | D:14     | Killed Azrael
 66826 | D:15     | Entered Level 15 of the Dungeon
 66826 | D:15     | Found Akyal's General Store.
 67168 | D:15     | Reached XP level 16. HP: 88/88 MP: 6/36
 69559 | D:15     | Bought a scroll of acquirement for 884 gold pieces
 69563 | D:15     | Acquired 666 gold pieces
 69699 | D:15     | Identified the +8 battleaxe "Heihir Jawn" {vorpal, Str+3}
 70238 | D:15     | Learned a level 4 spell: Iskenderun's Mystic Blast
 70277 | D:15     | Found a staircase to the Depths.
 70491 | Lair:1   | Bought a pair of embroidered boots for 240 gold pieces
 70491 | Lair:1   | Bought a glowing helmet for 240 gold pieces
 70563 | Lair:3   | Identified the +6 battleaxe "Datibail" {vamp, Int+5 Dex-3}
 70568 | Lair:3   | Identified the +12 long sword "Qiug" {pain, rN+ Str+4}
 70569 | Lair:3   | Identified the +2 ring mail of Nyfizok {Dex+4 SInv}
 70796 | Elf:1    | Entered Level 1 of the Elven Halls
 71435 | Elf:1    | Reached skill level 15 in Spellcasting
 72290 | Elf:1    | Gained mutation: You are clumsy. (Dex -2) [a shining eye]
 73299 | Elf:1    | Got the Papyrus of Spores
 74370 | Elf:2    | Found Uciug's Assorted Antiques.
 74372 | Elf:2    | Found Zien's Jewellery Shoppe.
 74377 | Elf:2    | Bought a scroll of teleportation for 102 gold pieces
 75852 | Elf:2    | Found a runed translucent gate.
 76096 | Elf:2    | Found a runed translucent gate.
 76096 | Elf:2    | Found a runed translucent gate.
 76488 | Elf:2    | Reached skill level 16 in Spellcasting
 77726 | Elf:2    | Noticed a deep elf blademaster
 77726 | Elf:2    | Noticed a deep elf blademaster
 77727 | Elf:2    | Noticed a deep elf blademaster
 77733 | Elf:2    | Killed a deep elf blademaster
 77735 | Elf:2    | Killed a deep elf blademaster
 77775 | Elf:2    | Killed a deep elf blademaster
 78204 | Elf:2    | Found the +7 pair of quick blades "Gyre" and "Gimble"
                  | {protect}
 78386 | Elf:3    | Entered Level 3 of the Elven Halls
 78518 | Elf:3    | Noticed a deep elf master archer
 78520 | Elf:3    | Killed a deep elf master archer
 79080 | Elf:3    | Identified the +1 glaive "Vylelum" {drain, Will+ Int-2
                  | SInv}
 79123 | Elf:3    | Reached XP level 17. HP: 93/93 MP: 13/39
 80167 | Elf:3    | Identified the +10 dagger "Maeg" {vorpal, Contam rElec rC++
                  | rN+}
 80633 | Elf:3    | Paralysed by an air elemental for 1 turns
 81019 | Elf:2    | Learned a level 2 spell: Blink
 81357 | Elf:3    | Reached skill level 17 in Spellcasting
 81735 | Elf:3    | Identified the ring "Egacini" {*Slow Will+ rCorr Str+6
                  | Int+5}
 81812 | Elf:3    | Identified the +11 quarterstaff of Blind Justice {holy,
                  | rCorr Int+3}
 81815 | Elf:3    | Reached skill level 1 in Translocations
 82329 | Elf:3    | Identified the ring "Muqac" {rF+++ rN+ Will- Dex-5 Stlth+}
 82435 | Elf:3    | Identified the +0 plate armour of Tucluoxzo {Dex+5}
 82435 | Elf:3    | Noticed a deep elf master archer
 82443 | Elf:3    | Killed a deep elf master archer
 83965 | Elf:3    | Identified the ring "Eczexkak" {rC+++ rCorr Str+8 Int-5}
 84583 | Elf:3    | Identified the +7 shortbow of an ossuary {freeze, rCorr
                  | Int-4 Dex+4}
 84583 | Elf:3    | Identified the ring of the Invisible Hand {Int+6 SInv}
 84589 | Elf:3    | Noticed a deep elf blademaster
 84590 | Elf:3    | Identified the +4 scale mail "Anun" {Harm rC++ Int-2}
 84590 | Elf:3    | Noticed a deep elf blademaster
 84603 | Elf:3    | Killed a deep elf blademaster
 84604 | Elf:3    | Killed a deep elf blademaster
 85768 | Elf:3    | Got the Grimoire of the Mutagenic Escort
 86611 | Lair:1   | Bought a manual of Invocations for 1040 gold pieces
 86611 | Lair:1   | Bought a book of the Spheres for 702 gold pieces
 86662 | Spider:1 | Entered Level 1 of the Spider Nest
 86664 | Spider:1 | Reached skill level 1 in Invocations
 87977 | Spider:1 | Noticed Jorgrun
 87994 | Spider:1 | Killed Jorgrun
 88149 | Spider:1 | Noticed Nikola
 88159 | Spider:1 | Reached skill level 18 in Spellcasting
 88989 | Lair:3   | Reached skill level 5 in Invocations
 89334 | Lair:1   | Learned a level 7 spell: Orb of Destruction
 89388 | Spider:1 | Killed Nikola
 94551 | Spider:2 | Reached XP level 18. HP: 98/98 MP: 15/42
 95400 | Spider:2 | Reached skill level 19 in Spellcasting
 96892 | Spider:2 | Identified the +1 leather armour "Dono" {rF+}
 97345 | Spider:2 | Reached skill level 10 in Invocations
101600 | Spider:3 | Acquired 813 gold pieces
101615 | Spider:3 | Reached skill level 20 in Spellcasting
103847 | Spider:3 | Learned a level 8 spell: Ignition
104328 | Spider:3 | Identified the +12 plate armour of Ixtuzof {Harm rN+ rCorr}
105677 | Spider:4 | Entered Level 4 of the Spider Nest
105692 | Spider:3 | Reached skill level 21 in Spellcasting
106278 | Spider:4 | Reached skill level 1 in Shields
106283 | Spider:4 | Noticed Arachne
106311 | Spider:4 | Killed Arachne
110092 | Spider:4 | Reached skill level 1 in Hexes
111683 | Spider:4 | Got a gossamer rune of Zot
111693 | Spider:4 | Identified the +2 hat "Zackib" {Will+ Regen+}
112065 | D:15     | Reached skill level 5 in Hexes
112392 | Shoals:1 | Entered Level 1 of the Shoals
112399 | Shoals:1 | Reached skill level 1 in Staves
112954 | Shoals:1 | Identified the +0 ring mail of Charity {+Blink Int+4 SInv}
113080 | Shoals:1 | Reached XP level 19. HP: 90/104 MP: 27/46
113848 | Shoals:1 | Identified the +8 mace "Gitovy" {antimagic, rC+++ Dex+8
                  | Stlth-}
115988 | Shoals:2 | Identified the +7 dagger "Tyecluph" {flame, Fly rF+ Will+
                  | Stlth+}
116112 | Shoals:2 | Reached skill level 5 in Staves
117476 | Shoals:4 | Entered Level 4 of the Shoals
117476 | Shoals:4 | Found a transporter.
117512 | Shoals:3 | Noticed Donald
117520 | Shoals:3 | Killed Donald
117580 | Shoals:3 | Found Eneukh's Self-Improvement Boutique.
118363 | Shoals:3 | Bought a manual of Short Blades for 1440 gold pieces
118363 | Shoals:3 | Bought a manual of Summonings for 1440 gold pieces
118363 | Shoals:3 | Bought a manual of Spellcasting for 1440 gold pieces
118595 | Shoals:3 | Reached skill level 1 in Summonings
118814 | Shoals:3 | Reached skill level 1 in Short Blades
118921 | Shoals:3 | Identified the ring "Jeetabig" {rElec rC- rN+ Will+}
119992 | Shoals:4 | Found a transporter.
119998 | Shoals:4 | Found a transporter.
121028 | Shoals:4 | Reached skill level 5 in Summonings
121282 | Shoals:4 | Found a transporter.
121285 | Shoals:4 | Found a transporter.
121435 | Shoals:4 | Reached skill level 5 in Short Blades
121435 | Shoals:4 | Got a barnacled rune of Zot
121970 | Shoals:4 | Reached skill level 22 in Spellcasting
122030 | Shoals:4 | Got the Handbook of Ghastly Cold
122771 | Shoals:4 | Found a transporter.
123675 | Vaults:1 | Entered Level 1 of the Vaults
125099 | Vaults:1 | Found a runed translucent gate.
125099 | Vaults:1 | Found a runed translucent gate.
125101 | Vaults:1 | Found a runed translucent gate.
125102 | Vaults:1 | Noticed atmmm's ghost (adept DsMo)
125157 | Vaults:1 | Reached XP level 20. HP: 112/112 MP: 30/48
125635 | Vaults:1 | Reached skill level 23 in Spellcasting
128855 | Vaults:1 | Reached skill level 10 in Summonings
128908 | Vaults:1 | Glimpsed the power of Zot.
129582 | Vaults:2 | Reached skill level 10 in Short Blades
130207 | Vaults:2 | Reached skill level 24 in Spellcasting
132758 | Vaults:2 | Identified the +2 robe of Exclusion {Rampage rF- Str+3
                  | Dex+2}
133648 | Vaults:2 | Noticed Mennas
133662 | Vaults:2 | Learned a level 7 spell: Summon Hydra
135137 | Vaults:2 | Reached skill level 25 in Spellcasting
135672 | Vaults:1 | Killed atmmm's ghost
136003 | D:15     | Bought a potion of curing for 51 gold pieces
136003 | D:15     | Bought a scroll of fear for 59 gold pieces
136044 | Depths:1 | Entered Level 1 of the Depths
136071 | D:15     | Reached skill level 1 in Evocations
136671 | Depths:1 | Paralysed by a floating eye for 2 turns
136677 | D:15     | Reached XP level 21. HP: 56/117 MP: 37/52
140504 | Depths:1 | Found a one-way gate to the infinite horrors of the Abyss.
140670 | Depths:1 | Noticed Margery
141327 | Depths:1 | Reached skill level 26 in Spellcasting
141335 | Depths:1 | Killed Margery
141336 | Depths:1 | Reached skill level 5 in Evocations
143520 | Depths:1 | Found a gateway to Hell.
143947 | Depths:1 | Got the Collected Works on Flying Unholy Secrets
144599 | Depths:1 | Found a one-way gate leading to the halls of Pandemonium.
144654 | Depths:1 | Reached skill level 1 in Polearms
144962 | Lair:1   | Bought glowing acid dragon scales for 1376 gold pieces
145079 | Slime:1  | Entered Level 1 of the Pits of Slime
145354 | Slime:1  | Reached skill level 10 in Ice Magic
146259 | Slime:1  | Gained mutation: You are frail. (-10% HP) [a shining eye]
146265 | Slime:1  | Slain by a rockslime

Illustrated notes

Levels and vault maps discovered:
D:1:      dpeg_arrival_connections, layout_loops_corners
D:2:      layout_loops_ring, shapermc_ecumenical_altar_acropolis,
          minmay_split_cup_small
D:3:      layout_loops_ring, portal_sewer_entry_d, cheibrodos_gnoll_hut,
          uniq_terence, uniq_jessica, uniq_natasha, uniq_robin, uniq_sigmund
D:4:      layout_basic, mainiacjoe_overflow_alcove_2, serial_shops,
          nicolae_shop_stone, kennysheep_path_1, kennysheep_nub,
          uniq_blork_the_orc
D:5:      layout_loops_ring, nicolae_gozag_seed_capital, elyvilon_altar_1,
          minmay_temple_entry_gardened_gates, uniq_edmund
D:6:      layout_loops_ring, overflow_temple_1_default, ashenzari_altar_1
D:7:      layout_basic, okawaru_gym_becter
D:8:      layout_loops_ring, nicolae_vehumet_radiance, fedhas_ov_isle_minmay,
          lemuel_old_faithful
D:9:      layout_layer_cave, enter_bailey_8
D:10:     layout_irregular_city, dancing_weapons_uskayaw,
          mainiacjoe_overflow_tiny_flanked
D:11:     gammafunk_boulding_lane, layout_cave_pools, david_lair_shrubbed,
          orc_0_dummy, minmay_lizard_king
D:12:     layout_cave_pools
D:13:     layout_irregular_city, serial_shops, nicolae_shop_statue_plus,
          minmay_misc_feat_more_columns, nicolae_dithmenos_the_darkroom
D:14:     layout_loops_ring, hangedman_vaults_entry_quadrant_bands,
          portal_ice_cave_entry_ice_statue_two, uniq_azrael
D:15:     hangedman_depths_entry_civil_slaughter, layout_cave_pools,
          serial_shops, nicolae_shop_crystal, chequers_serial_rivers_micro_c,
          hive_lemuel
Temple:   nicolae_temple_no_exploring_needed
Lair:1:   dragon1_lemuel, layout_long_grid
Lair:2:   layout_cave_pods, grunt_forest_large_clearing_hut,
          serial_bayou_shore_b, grunt_megastairs_2, uniq_erica, uniq_gastronok
Lair:3:   regret_index_combs_of_tragedy, layout_long_grid,
          hellmonk_spider_entry_life_and_decay, ice2_lemuel
Lair:4:   layout_loops_ring, elwin_shoals_entry_rocks, lemuel_fruit_fields,
          infiniplex_staircase_pool_2
Lair:5:   wad_woods_structure_01, layout_regular_city, slime_altar_1
Lair:6:   grunt_lair_end_beastmaster, layout_cave_pods, lemuel_fruit_tree,
          grunt_megastairs_3, serial_bayou_shore_a
Shoals:1: layout_shoals
Shoals:2: layout_shoals, nicolae_shoals_pincushion_passage
Shoals:3: layout_shoals, nicolae_shop_self_help, uniq_donald
Shoals:4: shoals_end_grunt_garden, layout_shoals, serial_nicolae_subway,
          nicolae_sub_station_crystal, nicolae_sub_station_metal,
          nicolae_sub_station_stone
Spider:1: layout_cave_pods, uniq_nikola, uniq_jorgrun
Spider:2: nicolae_spider_hilbert_zone_1 [nicolae_spider_hilbert_4_sides_1_open,
          nicolae_spider_hilbert_4_sides_1_open,
          nicolae_spider_hilbert_4_sides_1_open,
          nicolae_spider_hilbert_4_sides_1_open,
          nicolae_spider_hilbert_3_sides_1_open,
          nicolae_spider_hilbert_3_sides_1_open,
          nicolae_spider_hilbert_3_sides_1_open,
          nicolae_spider_hilbert_3_sides_1_open,
          nicolae_spider_hilbert_3_sides_1_open,
          nicolae_spider_hilbert_6_sides_1_open,
          nicolae_spider_hilbert_6_sides_1_open,
          nicolae_spider_hilbert_3_sides_1_open,
          nicolae_spider_hilbert_3_sides_1_open,
          nicolae_spider_hilbert_3_sides_1_open,
          nicolae_spider_hilbert_3_sides_1_open,
          nicolae_spider_hilbert_2_sides_1_open]
Spider:3: layout_chambers
Spider:4: grunt_spider_rune_island, uniq_arachne
Slime:1:  layout_caves
Orc:1:    orc_temple, layout_caves
Orc:2:    grunt_orc_gardens, layout_caves, grunt_orc_garden, grunt_orc_garden,
          grunt_orc_garden, grunt_orc_garden
Elf:1:    layout_loops_cross, minmay_elf_necromancy, corner_web_ring,
          corexii_leaking_fountain, serial_sigils_hangedman_gut
Elf:2:    nicolae_elf_blades_crystal_corner, layout_geoelf_octagon,
          serial_shops, shop, minmay_shop_enchanted_jewellery,
          hellmonk_guarded_unrand_gyre_and_gimble
Elf:3:    grunt_elf_hall_branching, layout_geoelf_grid, minivault_24,
          grunt_megastairs_1
Vaults:1: ebering_ghost_rock_garden, nicolae_vaults_triangles, v_alt_pattern_4,
          nicolae_vaults_circle_grid_a, hangedman_vaults_hat, serial_ice_g,
          hangedman_vaults_capsules, v_misc_22,
          vaults_room_grunt_arrival_checkpoint, layout_vaults_omnigrid,
          serial_shops
Vaults:2: v_rooms_3, v_misc_8, hangedman_vaults_slice, vaults_room_fours,
          v_misc_15, nicolae_vaults_sealed_display, vaults_room_pools,
          vaults_mumra_hex, v_pattern_4, serial_ice_m, layout_vaults_omnibox,
          uniq_mennas
Vaults:3: ontoclasm_vaults_ring_large, v_misc_3, minmay_crypt_entry_necro_gods,
          grunt_vaults_focal, grunt_vaults_diagonal, hangedman_vaults_cutoff,
          ontoclasm_vaults_misaligned, vaults_mumra_lcd, v_misc_27,
          ontoclasm_vaults_twist, layout_vaults_big_room,
          nicolae_trove_entry_crossroad, serial_shops,
          nicolae_shop_window_shopping
Depths:1: layout_cave_pools, mu_enter_wizlab_5, grunt_metal_band, serial_rivers,
          chequers_serial_rivers_small_3, chequers_serial_rivers_small_b,
          chequers_serial_rivers_micro_b, chequers_serial_rivers_marsh,
          chequers_serial_rivers_micro_b, abyss_entry_glasseish,
          grunt_decor_fettered, rand_demon_pan_entry_4, evilmike_ambush
          [evilmike_ambush_outer_doors, evilmike_ambush_inner_basic]

Skill      XL: |  1  2  3  4  5  6  7  8  9 10 11 12 13 14 15 16 17 18 19 20 21 |
---------------+----------------------------------------------------------------+-----
Conjurations   | 2 3 4 5 6 7 9 10 12 14 16 17 18 19 | 19.5
Spellcasting   | 4 5 6 8 9 10 11 13 14 16 18 21 22 25 26 | 26.1
Fire Magic     | 4 5 6 7 8 10 11 13 15 16 17 19 | 19.7
Ice Magic      | 2 3 4 5 6 8 10 | 10.1
Armour         | 2 5 7 |  7.0
Dodging        | 6 |  6.3
Air Magic      | 1 2 |  2.0
Fighting       | 3 6 8 |  8.2
Poison Magic   | 6 8 |  8.1
Translocations | 4 |  4.0
Invocations    | 8 11 | 11.4
Shields        | 4 |  4.0
Hexes          | 5 |  5.3
Staves         | 2 6 |  6.4
Summonings     | 8 13 14 | 14.3
Short Blades   | 7 12 13 | 13.6
Evocations     | 2 5 |  5.1
Polearms       | 2 |  2.0
Stealth        | |  2.4

Action                   |  1- 3 |  4- 6 |  7- 9 | 10-12 | 13-15 | 16-18 | 19-21 || total
-------------------------+-------+-------+-------+-------+-------+-------+-------++-------
Melee: Staff             |       |       |       |     6 |    43 |    55 |    10 ||   114
       Pair of quick bla |       |       |       |       |       |       |   142 ||   142
       Lance             |       |       |       |       |       |       |     3 ||     3
Throw: Dart              |       |       |       |     1 |       |     1 |       ||     2
       Throwing net      |       |       |       |       |       |     1 |       ||     1
 Cast: Foxfire           |   134 |   118 |   200 |   172 |   404 |    45 |    17 ||  1090
       Scorch            |       |    28 |    76 |    74 |   276 |    35 |    39 ||   528
       Frozen Ramparts   |       |       |    14 |    25 |    84 |     8 |     3 ||   134
       Conjure Flame     |       |       |     6 |     2 |     5 |     1 |     1 ||    15
       Fireball          |       |       |     3 |    48 |   230 |   230 |    89 ||   600
       Swiftness         |       |       |       |     1 |     2 |     3 |     2 ||     8
       Flame Wave        |       |       |       |     5 |    16 |       |       ||    21
       Ozocubu's Armour  |       |       |       |     2 |     2 |       |     1 ||     5
       Starburst         |       |       |       |       |    48 |   137 |   100 ||   285
       Freezing Cloud    |       |       |       |       |     7 |    25 |    10 ||    42
       Olgreb's Toxic Ra |       |       |       |       |     2 |    16 |     3 ||    21
       Iskenderun's Myst |       |       |       |       |       |   115 |    30 ||   145
       Orb of Destructio |       |       |       |       |       |   148 |   292 ||   440
       Ignition          |       |       |       |       |       |     4 |    46 ||    50
       Summon Hydra      |       |       |       |       |       |       |     4 ||     4
Invok: Call Merchant     |       |       |       |     1 |     2 |     2 |       ||     5
Evoke: Wand              |       |       |       |     1 |     4 |    12 |     6 ||    23
  Use: Scroll            |       |     2 |     5 |     5 |    12 |     8 |     4 ||    36
       Potion            |       |     1 |     1 |     2 |     7 |     4 |     6 ||    21
 Stab: Sleeping          |       |       |       |       |       |     1 |     1 ||     2
Armor: Robe              |     2 |     6 |    22 |    43 |       |       |       ||    73
       Skin              |       |     1 |       |       |       |       |       ||     1
       Ring mail         |       |       |       |    16 |   401 |   329 |   255 ||  1001
Dodge: Dodged            |    14 |    29 |    45 |   123 |   360 |   185 |   170 ||   926
